 Dungeon Crawl Stone Soup version 0.25-a0-340-ga1faa1601d (webtiles) character file.

Game seed: 14564654590460689608, levelgen mode: deterministic

677 night the Gusty (level 7, -3/46 HPs)
             Began as a Demonspawn Air Elementalist on Dec 29, 2019.
             Slain by a gnoll
             ... wielding a +0 spear
              (4 damage)
             ... on level 5 of the Dungeon.
             The game lasted 00:14:54 (4947 turns).

night the Gusty (Demonspawn Air Elementalist)       Turns: 4947, Time: 00:14:54

Health: -3/46      AC:  2    Str:  9    XL:     7   Next: 33%
Magic:  10/13      EV: 12    Int: 18    God:
Gold:   289        SH:  0    Dex: 13    Spells: 0/15 levels left

rFire    . . .     SeeInvis .   a - +1 flail (venom)
rCold    . . .     Gourm    .   (no shield)
rNeg     . . .     Faith    .   h - +0 robe
rPois    .         Spirit   .   (no helmet)
rElec    .         Reflect  .   (no cloak)
rCorr    .         Harm     .   (no gloves)
MR       .....                  (no boots)
Stlth    ++........             (no amulet)
HPRegen  0.15/turn              (no ring)
MPRegen  0.13/turn              (no ring)

@: no status effects
A: talons 1, demonic guardian 1, powered by pain 1
a: no special abilities


You were on level 5 of the Dungeon.
You were not hungry.

You visited 1 branch of the dungeon, and saw 5 of its levels.

You collected 289 gold pieces.

Inventory:

Hand Weapons
 a - a +1 flail of venom (weapon)
 b - a -1 hunting sling
 d - a +1 short sword
 p - a +0 dagger
 u - a +2 dagger of holy wrath
Missiles
 e - 44 arrows
 g - 25 poisoned darts (quivered)
 j - 271 stones
 k - 22 bolts
Armour
 h - a +0 robe (worn)
 i - a +2 ring mail of poison resistance
Wands
 s - a wand of clouds (6)
Scrolls
 l - 2 scrolls of fog
 m - 7 scrolls of teleportation
 n - a scroll of amnesia
 q - a scroll of identify
 v - a scroll of fear {unknown}
Potions
 f - a potion of magic
 o - a potion of might
Comestibles
 c - 5 rations
 t - 2 chunks of flesh


   Skills:
 - Level 1.7 Dodging
 - Level 1.7 Stealth
 + Level 4.6 Spellcasting
 + Level 4.6 Conjurations
 + Level 5.0 Air Magic


You couldn't memorise any spells.
You knew the following spells:

 Your Spells              Type           Power        Failure   Level  Hunger
a - Shock                 Conj/Air       ###.         1%          1    None
b - Swiftness             Chrm/Air       ##......     8%          2    #......
c - Static Discharge      Conj/Air       ###.....     6%          3    ###....
d - Airstrike             Air            ###.......   17%         4    ####...
e - Lightning Bolt        Conj/Air       ###.......   47%         5    ######.

Your spell library contained the following spells:

 Spells                   Type           Power        Failure   Level  Hunger


Dungeon Overview and Level Annotations

Branches:
Dungeon (5/15)
 Temple: D:4-7

Altars:
Trog

Annotations:
D:3 2 transporters, Error4North's ghost, amateur HOFi


Innate Abilities, Weirdness & Mutations

You have sharp toenails.
A weak demonic guardian rushes to your aid.
You sometimes gain a little power by taking damage.


Message History

The gnoll sergeant is almost dead.
You are struck by an arc of lightning.
* * * LOW HITPOINT WARNING * * *
The gnoll sergeant is struck by an arc of lightning.
You kill the gnoll sergeant!
Your Air Magic skill increases to level 5!
The lightning grounds out.
The gnoll is struck by an arc of lightning!
The gnoll is almost dead.
The adder zombie is struck by an arc of lightning.
The adder zombie is lightly damaged.
The centaur is struck by an arc of lightning.
The centaur is lightly wounded.
The lightning grounds out.
The gnoll misses you. The gnoll closely misses you.
Okay, then.
As you read the scroll labeled FITYBRINNY, it crumbles to dust.
It is a scroll of enchant armour.
Your +1 ring mail of poison resistance glows green for a moment.
The gnoll hits you from afar with a +0 spear.
You die...

..#....##...####.##...
..#....##...####.##...
..##'####...'......... .
..#....##...#...........
..#....#....#.........+
..#....#######...##...#
<.#....##..(##...# ...#
..#######........#Z...#
#.......@gc...#
#.......)#g...#
#........# ...#
+........# ..#
#........# .# #........#
+ #######..# ....


You could see a centaur, 2 gnolls and an adder zombie.

Vanquished Creatures
  An ogre (D:3)
  A phantom (D:5)
  A gnoll sergeant (D:5)
  2 hounds (D:4)
  Jessica (D:2)
  5 adders
  5 gnolls
  An ooze (D:2)
  An adder skeleton (D:4)
  4 worms
  3 dart slugs
  8 leopard geckos
  6 orcs
  5 bats
  A giant cockroach (D:4)
  11 goblins
  12 hobgoblins
  7 jackals (D:3)
  2 quokkas
  A ball python (D:3)
  2 frilled lizards
  2 kobolds (D:1)
  A quokka skeleton (D:5)
  11 rats
94 creatures vanquished.

Vanquished Creatures (collateral kills)
  Grinder (D:3)
  An orc wizard (D:3)
2 creatures vanquished.

Grand Total: 96 creatures vanquished

Notes
Turn   | Place    | Note
-------+----------+-------------------------------------------
     0 | D:1      | night the Demonspawn Air Elementalist began the quest for
                  | the Orb.
     0 | D:1      | Reached XP level 1. HP: 13/13 MP: 3/3
   546 | D:1      | Gained mutation: You sometimes gain a little power by
                  | taking damage. [demonic ancestry]
   546 | D:1      | Reached XP level 2. HP: 19/19 MP: 3/5
  1073 | D:2      | Reached skill level 3 in Air Magic
  1421 | D:1      | Reached XP level 3. HP: 24/24 MP: 3/6
  1425 | D:1      | Learned a level 2 spell: Swiftness
  1429 | D:1      | Learned a level 3 spell: Static Discharge
  1854 | D:2      | Noticed Jessica
  1863 | D:2      | Killed Jessica
  1863 | D:2      | Reached XP level 4. HP: 12/30 MP: 0/8
  2296 | D:3      | Found a transporter.
  2433 | D:3      | Gained mutation: A weak demonic guardian rushes to your
                  | aid. [demonic ancestry]
  2433 | D:3      | Reached XP level 5. HP: 26/35 MP: 4/9
  2480 | D:3      | Noticed Error4North's ghost (amateur HOFi)
  2510 | D:3      | Noticed Grinder
  2729 | D:3      | Noticed an ogre
  2736 | D:3      | Killed an ogre
  2736 | D:3      | Reached skill level 4 in Air Magic
  3055 | D:3      | Reached XP level 6. HP: 38/41 MP: 7/11
  3083 | D:3      | Learned a level 4 spell: Airstrike
  3184 | D:3      | Found a bloodstained altar of Trog.
  3362 | D:3      | Found a transporter.
  3564 | D:3      | Killed Grinder
  4167 | D:4      | Gained mutation: You have sharp toenails. [demonic
                  | ancestry]
  4167 | D:4      | Reached XP level 7. HP: 25/46 MP: 0/13
  4693 | D:5      | Entered Level 5 of the Dungeon
  4891 | D:5      | Learned a level 5 spell: Lightning Bolt
  4945 | D:5      | HP: 2/46 [gnoll/+0 whip (10)]
  4946 | D:5      | Reached skill level 5 in Air Magic
  4947 | D:5      | Slain by a gnoll

Levels and vault maps discovered:
D:1:      dpeg_arrival_yet_another_circle, layout_basic, serial_glass,
          glass_columns_b, glass_columns_a, hex_large
D:2:      layout_rooms, uniq_jessica
D:3:      minmay_recursive_quarters, layout_basic, gammafunk_ghost_stat_death,
          trog_hazing_becter, uniq_grinder
D:4:      layout_rooms, first_ration
D:5:      layout_gridville, minmay_temple_entry_poolview, serial_shops, shop,
          minivault_11

Skill      XL: |  1  2  3  4  5  6  7 |
---------------+----------------------+-----
Air Magic      | 3 4 5 |  5.0
Conjurations   | 2 3 4 |  4.6
Spellcasting   | 3 4 |  4.6
Dodging        | |  1.7
Stealth        | |  1.7

Action                   |  1- 3 |  4- 6 |  7- 9 || total
-------------------------+-------+-------+-------++-------
Melee: Dagger            |    13 |       |       ||    13
       Short sword       |    10 |       |       ||    10
       Flail             |       |       |     3 ||     3
 Fire: Hunting sling     |    36 |    64 |    18 ||   118
Throw: Javelin           |     1 |     2 |       ||     3
 Cast: Shock             |    54 |   110 |    20 ||   184
       Static Discharge  |       |     2 |     1 ||     3
  Use: Scroll            |     5 |     4 |     3 ||    12
       Potion            |       |     2 |       ||     2
 Stab: Sleeping          |     1 |       |       ||     1
  Eat: Chunk             |     3 |     6 |     4 ||    13
Armor: Robe              |     6 |     5 |       ||    11
Dodge: Dodged            |    26 |    36 |    20 ||    82

Table legend:
 A = Non-vault XP
 B = Vault XP
 C = Vault XP percentage of total XP
 D = Non-vault monster count
 E = Vault monster count
 F = Vault count percentage of total count
                 A         B        C        D         E       F
            +---------+---------+-------+---------+---------+-------
      Total |     524 |     444 |  45.9 |      74 |      22 |  22.9
            +---------+---------+-------+---------+---------+-------
        D:1 |      36 |       0 |   0.0 |      13 |       0 |   0.0
        D:2 |      54 |      37 |  40.7 |      24 |       1 |   4.0
        D:3 |     138 |     407 |  74.7 |      22 |      21 |  48.8
        D:4 |     112 |       0 |   0.0 |       9 |       0 |   0.0
        D:5 |     184 |       0 |   0.0 |       6 |       0 |   0.0
            +---------+---------+-------+---------+---------+-------
